1899 views
Uploaded 2023-03-11 03:42:48
Game version 1.35 (6115)
28:56 long 2on2 ladder game on (4)shatteredexile_v2-07 s3
Saved by GIGA
1899 views
Uploaded 2023-03-11 03:42:48
Game version 1.35 (6115)
28:56 long 2on2 ladder game on (4)shatteredexile_v2-07 s3


64 units @ 6.3k
/ 0.8k
76 buildings @ 5.8k
/ 2.7k
GIGA
(207)
(28:53) : 

| Scroll of Regeneration | 1 | 100 |
| Staff of Sanctuary | 1 | 250 |
| Orb of Fire | 1 | 325 |
| total: | 3 | 675g |
| Peasant | 13 | 975 | / | 0 |
| Footman | 4 | 540 | / | 0 |
| total: | 17 | 1515g | / | 0w |
| Scout Tower | 23 | 690 | / | 460 |
| Arcane Tower | 7 | 490 | / | 350 |
| Guard Tower | 5 | 350 | / | 250 |
| Altar of Kings | 1 | 180 | / | 50 |
| Farm | 5 | 400 | / | 100 |
| Barracks | 1 | 160 | / | 60 |
| Lumber Mill | 2 | 240 | / | 0 |
| Arcane Vault | 1 | 130 | / | 30 |
| Town Hall | 1 | 385 | / | 205 |
| Arcane Sanctum | 2 | 300 | / | 280 |
| Keep | 1 | 320 | / | 210 |
| Castle | 1 | 360 | / | 210 |
| total: | 36 | 2485g | / | 1185w |
| 0:04 | Peasant |
| 0:05 | Peasant |
| 0:09 | Altar of Kings |
| 0:12 | Farm |
| 0:13 | Farm |
| 0:27 | Peasant |
| 0:35 | Peasant |
| 0:45 | Barracks |
| 1:00 | Peasant |
| 1:07 | Peasant |
| 1:21 | Scout Tower |
| 1:23 | Peasant |
| 1:41 | Farm |
| 1:44 | Peasant |
| 1:52 | Footman |
| 1:58 | Arcane Tower |
| 2:14 | Lumber Mill |
| 2:26 | Storm Bolt |
| 2:42 | Footman |
| 2:46 | Peasant |
| 2:48 | Peasant |
| 2:52 | Farm |
| 3:17 | Peasant |
| 3:17 | Peasant |
| 3:31 | Bash |
| 4:00 | Peasant |
| 4:03 | Improved Lumber Harvesting |
| 4:03 | Improved Masonry |
| 4:21 | Arcane Vault |
| 4:31 | Keep |
| 4:48 | Footman |
| 5:07 | Defend |
| 5:15 | Scroll of Regeneration |
| 5:23 | Scout Tower |
| 5:24 | Scout Tower |
| 5:25 | Scout Tower |
| 5:25 | Scout Tower |
| 6:11 | Guard Tower |
| 6:14 | Scout Tower |
| 6:15 | Scout Tower |
| 6:16 | Scout Tower |
| 6:17 | Scout Tower |
| 6:31 | Guard Tower |
| 6:33 | Arcane Tower |
| 6:36 | Footman |
| 6:52 | Arcane Tower |
| 6:54 | Arcane Tower |
| 6:58 | Scout Tower |
| 6:59 | Scout Tower |
| 6:59 | Scout Tower |
| 8:17 | Advanced Masonry |
| 8:20 | Guard Tower |
| 8:24 | Scout Tower |
| 8:25 | Scout Tower |
| 8:25 | Scout Tower |
| 8:26 | Scout Tower |
| 8:27 | Scout Tower |
| 9:03 | Arcane Tower |
| 9:55 | Storm Bolt |
| 10:06 | Lumber Mill |
| 10:15 | Guard Tower |
| 10:17 | Scout Tower |
| 10:17 | Scout Tower |
| 10:23 | Holy Light |
| 10:24 | Castle |
| 11:40 | Arcane Tower |
| 12:45 | Scout Tower |
| 12:46 | Scout Tower |
| 12:46 | Scout Tower |
| 12:48 | Imbued Masonry |
| 13:12 | Staff of Sanctuary |
| 13:12 | Orb of Fire |
| 13:32 | Scout Tower |
| 13:38 | Arcane Tower |
| 13:40 | Guard Tower |
| 13:52 | Arcane Sanctum |
| 14:09 | Arcane Sanctum |
| 16:07 | Town Hall |
| 16:20 | Priest Adept Training |
| 16:23 | Farm |
| 24:28 | Storm Bolt |
| 24:36 | Divine Shield |
| 24:45 | Storm Bolt |
| 24:48 | Storm Bolt |
| 24:56 | Storm Bolt |
| 24:57 | Storm Bolt |
| 24:58 | Storm Bolt |
| Right click | 2746 |
| Select group | 1648 |
| Select | 381 |
| Build/train/purchase | 65 |
| Resource trade | 33 |
| Assign group | 21 |
| Minimap ping | 13 |
| Use ability | 12 |
| Misc. action | 9 |
| Chat | 4 |
| Esc | 3 |
| Item give/drop | 1 |


| Potion of Healing | 1 | 150 |
| Potion of Mana | 1 | 200 |
| total: | 2 | 350g |
| Peasant | 20 | 1500 | / | 0 |
| Footman | 6 | 810 | / | 0 |
| Mortar Team | 5 | 900 | / | 350 |
| Flying Machine | 16 | 1600 | / | 480 |
| total: | 47 | 4810g | / | 830w |
| Scout Tower | 16 | 480 | / | 320 |
| Arcane Tower | 2 | 140 | / | 100 |
| Guard Tower | 7 | 490 | / | 350 |
| Altar of Kings | 2 | 360 | / | 100 |
| Barracks | 1 | 160 | / | 60 |
| Farm | 14 | 1120 | / | 280 |
| Lumber Mill | 1 | 120 | / | 0 |
| Town Hall | 1 | 385 | / | 205 |
| Arcane Vault | 1 | 130 | / | 30 |
| Blacksmith | 1 | 140 | / | 60 |
| Cannon Tower | 1 | 120 | / | 100 |
| Workshop | 3 | 420 | / | 420 |
| Keep | 1 | 320 | / | 210 |
| Castle | 1 | 360 | / | 210 |
| total: | 40 | 3315g | / | 1475w |
| 0:02 | Peasant |
| 0:09 | Peasant |
| 0:18 | Altar of Kings |
| 0:20 | Peasant |
| 0:28 | Barracks |
| 0:30 | Peasant |
| 0:33 | Farm |
| 0:34 | Peasant |
| 0:45 | Peasant |
| 0:52 | Farm |
| 1:17 | Scout Tower |
| 1:25 | Peasant |
| 1:32 | Footman |
| 1:41 | Footman |
| 1:43 | Farm |
| 1:58 | Arcane Tower |
| 2:01 | Footman |
| 2:03 | Peasant |
| 2:19 | Storm Bolt |
| 2:23 | Peasant |
| 3:00 | Peasant |
| 3:00 | Footman |
| 3:03 | Lumber Mill |
| 3:04 | Scout Tower |
| 3:05 | Scout Tower |
| 3:17 | Town Hall |
| 3:26 | Peasant |
| 4:02 | Bash |
| 4:04 | Guard Tower |
| 4:05 | Scout Tower |
| 4:08 | Peasant |
| 4:37 | Scout Tower |
| 4:38 | Scout Tower |
| 4:39 | Scout Tower |
| 4:43 | Guard Tower |
| 4:45 | Peasant |
| 4:45 | Peasant |
| 4:46 | Improved Lumber Harvesting |
| 4:46 | Improved Masonry |
| 4:51 | Peasant |
| 4:54 | Peasant |
| 5:07 | Arcane Vault |
| 5:35 | Keep |
| 5:52 | Peasant |
| 6:05 | Scout Tower |
| 6:06 | Guard Tower |
| 6:15 | Footman |
| 6:32 | Guard Tower |
| 6:36 | Scout Tower |
| 6:37 | Scout Tower |
| 6:44 | Peasant |
| 7:06 | Guard Tower |
| 7:09 | Scout Tower |
| 8:20 | Potion of Healing |
| 8:20 | Potion of Mana |
| 8:24 | Footman |
| 8:27 | Guard Tower |
| 8:28 | Scout Tower |
| 8:29 | Blacksmith |
| 8:30 | Castle |
| 8:48 | Storm Bolt |
| 9:36 | Holy Light |
| 10:06 | Workshop |
| 10:09 | Workshop |
| 10:12 | Workshop |
| 10:15 | Black Gunpowder |
| 10:15 | Iron Plating |
| 10:19 | Peasant |
| 10:19 | Peasant |
| 10:24 | Advanced Lumber Harvesting |
| 10:24 | Advanced Masonry |
| 10:31 | Guard Tower |
| 11:17 | Flak Cannons |
| 11:17 | Flying Machine Bombs |
| 11:51 | Flare |
| 12:17 | Fragmentation Shards |
| 12:17 | Mortar Team |
| 12:25 | Farm |
| 12:26 | Farm |
| 12:27 | Farm |
| 12:29 | Farm |
| 12:54 | Refined Gunpowder |
| 12:59 | Farm |
| 12:59 | Farm |
| 13:34 | Mortar Team |
| 13:38 | Farm |
| 13:39 | Farm |
| 13:41 | Farm |
| 14:19 | Flying Machine |
| 14:19 | Flying Machine |
| 14:19 | Flying Machine |
| 14:20 | Flying Machine |
| 14:20 | Flying Machine |
| 14:20 | Flying Machine |
| 14:30 | Farm |
| 14:43 | Imbued Gunpowder |
| 14:49 | Flying Machine |
| 14:59 | Farm |
| 15:16 | Scout Tower |
| 15:17 | Scout Tower |
| 15:18 | Scout Tower |
| 15:21 | Scout Tower |
| 15:31 | Flying Machine |
| 15:31 | Flying Machine |
| 15:32 | Flying Machine |
| 15:32 | Flying Machine |
| 15:48 | Cannon Tower |
| 16:57 | Altar of Kings |
| 17:08 | Flying Machine |
| 17:08 | Flying Machine |
| 17:24 | Divine Shield |
| 17:24 | Holy Light |
| 17:27 | Bash |
| 18:45 | Arcane Tower |
| 19:50 | Mortar Team |
| 22:07 | Flying Machine |
| 22:08 | Flying Machine |
| 22:17 | Flying Machine |
| 24:32 | Divine Shield |
| 24:33 | Divine Shield |
| 24:39 | Mortar Team |
| 25:01 | Storm Bolt |
| 25:01 | Storm Bolt |
| 26:08 | Storm Bolt |
| 26:09 | Bash |
| 26:28 | Mortar Team |
| Right click | 1528 |
| Select group | 526 |
| Select | 432 |
| Misc. action | 100 |
| Build/train/purchase | 99 |
| Use ability | 75 |
| Assign group | 21 |
| Minimap ping | 7 |
| Item give/drop | 1 |
| Esc | 1 |
91 units @ 14.9k
/ 3.2k
62 buildings @ 10.3k
/ 4.7k


| Lesser Clarity Potion | 3 | 210 |
| Scroll of Town Portal | 1 | 350 |
| Periapt of Vitality | 1 | 325 |
| Circlet of Nobility | 1 | 175 |
| Boots of Speed | 1 | 250 |
| total: | 7 | 1310g |
| Wisp | 28 | 1680 | / | 0 |
| Archer | 6 | 780 | / | 60 |
| Dryad | 6 | 870 | / | 360 |
| Mountain Giant | 1 | 350 | / | 100 |
| Glaive Thrower | 5 | 1050 | / | 325 |
| Forest Troll High Priest | 1 | 305 | / | 40 |
| total: | 47 | 5035g | / | 885w |
| Ancient Protector | 13 | 1755 | / | 1040 |
| Altar of Elders | 1 | 180 | / | 50 |
| Moon Well | 6 | 1080 | / | 240 |
| Ancient of War | 8 | 1200 | / | 480 |
| Ancient of Wonders | 1 | 90 | / | 30 |
| Hunter's Hall | 1 | 210 | / | 100 |
| Tree of Life | 3 | 1020 | / | 555 |
| Ancient of Lore | 3 | 465 | / | 435 |
| Tree of Ages | 1 | 320 | / | 180 |
| Tree of Eternity | 1 | 330 | / | 200 |
| total: | 36 | 6000g | / | 2930w |
| 0:01 | Altar of Elders |
| 0:03 | Moon Well |
| 0:03 | Wisp |
| 0:03 | Wisp |
| 0:26 | Ancient of War |
| 0:34 | Wisp |
| 0:45 | Wisp |
| 1:04 | Wisp |
| 1:12 | Wisp |
| 1:24 | Wisp |
| 1:30 | Moon Well |
| 1:32 | Archer |
| 1:38 | Wisp |
| 1:56 | Ancient of Wonders |
| 2:00 | Force of Nature |
| 2:01 | Wisp |
| 2:03 | Wisp |
| 2:25 | Archer |
| 2:51 | Archer |
| 2:56 | Wisp |
| 2:56 | Wisp |
| 3:02 | Lesser Clarity Potion |
| 3:15 | Archer |
| 3:45 | Tree of Ages |
| 3:46 | Archer |
| 3:54 | Entangling Roots |
| 4:05 | Archer |
| 4:59 | Moon Well |
| 5:01 | Hunter's Hall |
| 5:33 | Force of Nature |
| 6:36 | Periapt of Vitality |
| 6:36 | Circlet of Nobility |
| 6:45 | Ancient of Lore |
| 6:51 | Ancient of Lore |
| 6:54 | Ancient of Lore |
| 7:00 | Boots of Speed |
| 7:21 | Breath of Fire |
| 8:12 | Drunken Haze |
| 8:35 | Entangling Roots |
| 9:08 | Tree of Life |
| 9:10 | Tree of Life |
| 9:36 | Abolish Magic |
| 9:36 | Dryad |
| 9:39 | Moon Well |
| 9:52 | Dryad |
| 9:56 | Reinforced Hides |
| 9:56 | Strength of the Wild |
| 10:29 | Lesser Clarity Potion |
| 10:29 | Lesser Clarity Potion |
| 10:30 | Scroll of Town Portal |
| 10:58 | Moon Well |
| 11:11 | Dryad |
| 11:22 | Forest Troll High Priest |
| 11:29 | Wisp |
| 11:29 | Wisp |
| 11:29 | Wisp |
| 11:29 | Wisp |
| 12:49 | Mountain Giant |
| 13:40 | Improved Strength of the Wild |
| 13:40 | Improved Reinforced Hides |
| 13:48 | Glaive Thrower |
| 13:53 | Moon Well |
| 14:51 | Wisp |
| 15:04 | Glaive Thrower |
| 15:10 | Ancient of War |
| 15:34 | Strength of the Moon |
| 15:38 | Vorpal Blades |
| 16:51 | Breath of Fire |
| 17:04 | Glaive Thrower |
| 17:58 | Tree of Life |
| 18:01 | Ancient Protector |
| 18:01 | Ancient Protector |
| 18:02 | Ancient Protector |
| 18:02 | Ancient Protector |
| 18:05 | Ancient Protector |
| 18:27 | Ancient Protector |
| 18:28 | Ancient Protector |
| 18:38 | Glaive Thrower |
| 18:41 | Dryad |
| 18:53 | Tree of Eternity |
| 20:42 | Glaive Thrower |
| 20:49 | Dryad |
| 20:54 | Ancient of War |
| 20:59 | Wisp |
| 20:59 | Wisp |
| 20:59 | Wisp |
| 20:59 | Wisp |
| 21:16 | Nature's Blessing |
| 22:16 | Ancient Protector |
| 22:18 | Ancient Protector |
| 22:20 | Ancient Protector |
| 22:23 | Ancient Protector |
| 22:40 | Dryad |
| 23:52 | Wisp |
| 23:52 | Wisp |
| 23:52 | Wisp |
| 24:33 | Ancient Protector |
| 24:38 | Ancient Protector |
| 26:02 | Entangling Roots |
| 26:29 | Wisp |
| 26:29 | Wisp |
| 26:29 | Wisp |
| 26:29 | Wisp |
| 27:06 | Ancient of War |
| 27:09 | Ancient of War |
| 27:14 | Ancient of War |
| 27:23 | Ancient of War |
| 27:24 | Ancient of War |
| Right click | 1355 |
| Select group | 702 |
| Select | 533 |
| Build/train/purchase | 92 |
| Misc. action | 66 |
| Use ability | 64 |
| Assign group | 37 |
| Minimap ping | 6 |
| Esc | 5 |



| Rod of Necromancy | 2 | 300 |
| Orb of Corruption | 3 | 1125 |
| Scroll of Town Portal | 1 | 350 |
| Potion of Lesser Invulnerability | 1 | 150 |
| total: | 7 | 1925g |
| Acolyte | 13 | 975 | / | 0 |
| Ghoul | 3 | 360 | / | 0 |
| Crypt Fiend | 11 | 2365 | / | 440 |
| Obsidian Statue | 2 | 400 | / | 70 |
| Frost Wyrm | 14 | 5390 | / | 1680 |
| Goblin Shredder | 1 | 375 | / | 100 |
| total: | 44 | 9865g | / | 2290w |
| Spirit Tower | 10 | 1450 | / | 400 |
| Crypt | 1 | 200 | / | 50 |
| Ziggurat | 14 | 2100 | / | 700 |
| Altar of Darkness | 1 | 180 | / | 50 |
| Graveyard | 1 | 215 | / | 0 |
| Tomb of Relics | 1 | 130 | / | 30 |
| Necropolis | 3 | 675 | / | 0 |
| Slaughterhouse | 1 | 140 | / | 135 |
| Boneyard | 4 | 700 | / | 800 |
| Halls of the Dead | 1 | 320 | / | 210 |
| Black Citadel | 1 | 325 | / | 230 |
| total: | 26 | 4340g | / | 1765w |
| 0:02 | Acolyte |
| 0:02 | Acolyte |
| 0:36 | Crypt |
| 0:38 | Ziggurat |
| 0:41 | Altar of Darkness |
| 0:42 | Acolyte |
| 1:14 | Graveyard |
| 1:30 | Ziggurat |
| 1:34 | Tomb of Relics |
| 1:45 | Ghoul |
| 1:53 | Ghoul |
| 2:08 | Ghoul |
| 2:36 | Crypt Fiend |
| 2:41 | Death Coil |
| 2:42 | Rod of Necromancy |
| 3:03 | Crypt Fiend |
| 3:12 | Acolyte |
| 3:33 | Crypt Fiend |
| 4:02 | Halls of the Dead |
| 4:06 | Unholy Aura |
| 4:47 | Necropolis |
| 5:10 | Death Coil |
| 6:16 | Ziggurat |
| 6:18 | Ziggurat |
| 6:19 | Acolyte |
| 6:19 | Acolyte |
| 6:19 | Acolyte |
| 6:20 | Acolyte |
| 6:30 | Slaughterhouse |
| 6:54 | Black Citadel |
| 7:13 | Spirit Tower |
| 7:13 | Spirit Tower |
| 7:21 | Frost Nova |
| 7:26 | Web |
| 7:57 | Obsidian Statue |
| 7:57 | Obsidian Statue |
| 7:58 | Crypt Fiend |
| 8:27 | Ziggurat |
| 8:28 | Ziggurat |
| 9:19 | Boneyard |
| 9:19 | Boneyard |
| 9:44 | Unholy Aura |
| 9:51 | Crypt Fiend |
| 9:52 | Crypt Fiend |
| 9:53 | Destroyer Form |
| 10:10 | Frost Armor |
| 10:18 | Orb of Corruption |
| 10:21 | Rod of Necromancy |
| 10:24 | Carrion Swarm |
| 10:38 | Frost Wyrm |
| 10:59 | Goblin Shredder |
| 11:30 | Frost Wyrm |
| 11:48 | Frost Wyrm |
| 12:24 | Freezing Breath |
| 12:25 | Creature Attack |
| 12:26 | Creature Carapace |
| 13:07 | Ziggurat |
| 13:08 | Ziggurat |
| 13:35 | Sleep |
| 13:36 | Acolyte |
| 13:54 | Frost Nova |
| 14:13 | Acolyte |
| 14:13 | Acolyte |
| 14:13 | Acolyte |
| 14:13 | Acolyte |
| 14:30 | Frost Wyrm |
| 14:31 | Frost Wyrm |
| 14:34 | Crypt Fiend |
| 15:23 | Improved Creature Attack |
| 15:23 | Improved Creature Carapace |
| 17:00 | Frost Wyrm |
| 17:01 | Death Coil |
| 17:33 | Frost Wyrm |
| 18:01 | Frost Wyrm |
| 18:01 | Frost Wyrm |
| 18:03 | Advanced Creature Attack |
| 18:03 | Advanced Creature Carapace |
| 18:19 | Orb of Corruption |
| 18:38 | Spirit Tower |
| 18:38 | Spirit Tower |
| 19:17 | Frost Wyrm |
| 19:17 | Frost Wyrm |
| 19:49 | Frost Wyrm |
| 19:53 | Crypt Fiend |
| 19:53 | Crypt Fiend |
| 19:55 | Spirit Tower |
| 20:44 | Ziggurat |
| 20:44 | Ziggurat |
| 21:28 | Ziggurat |
| 22:07 | Frost Wyrm |
| 22:12 | Necropolis |
| 22:14 | Necropolis |
| 22:33 | Spirit Tower |
| 22:36 | Spirit Tower |
| 22:40 | Ziggurat |
| 22:42 | Ziggurat |
| 22:43 | Ziggurat |
| 23:29 | Crypt Fiend |
| 23:29 | Crypt Fiend |
| 23:34 | Spirit Tower |
| 23:45 | Spirit Tower |
| 24:15 | Scroll of Town Portal |
| 24:33 | Orb of Corruption |
| 24:41 | Spirit Tower |
| 24:59 | Potion of Lesser Invulnerability |
| 25:42 | Carrion Swarm |
| 26:03 | Frost Armor |
| 26:21 | Boneyard |
| 26:21 | Boneyard |
| 27:41 | Frost Wyrm |
| Right click | 1560 |
| Select | 784 |
| Select group | 718 |
| Misc. action | 180 |
| Build/train/purchase | 102 |
| Use ability | 75 |
| Assign group | 34 |
| Minimap ping | 10 |
| Item give/drop | 7 |
| Esc | 3 |